 Dungeon Crawl Stone Soup version 0.31.0-9-g3a7656b989 (webtiles) character file.

Game seed: 438752837057530758

77 qw the Shooter (level 4, -4/25 HPs)
             Began as a Deep Elf Hunter on Feb 2, 2024.
             Slain by Natasha (9 damage)
             ... on level 2 of the Dungeon.
             The game lasted 00:00:04 (918 turns).

qw the Shooter (Deep Elf Hunter)                     Turns: 918, Time: 00:00:05

Health: -4/25      AC:  3    Str: 10    XL:     4   Next: 13%
Magic:  6/6        EV: 12    Int: 14    God:
Gold:   44         SH:  5    Dex: 18    Spells: 3/3 levels left

rFire   . . .        a - +0 shortbow
rCold   . . .        (shield currently unavailable)
rNeg    . . .        c - +0 leather armour
rPois   .            (no helmet)
rElec   .            (no cloak)
rCorr   .            (no gloves)
SInv    .            (no boots)
Will    .....        f - amulet of reflection
Stlth   ++           (no ring)
HPRegen 0.24/turn    (no ring)
MPRegen 0.10/turn

%: reflection
@: no status effects
A: no striking features
a: no special abilities


You were on level 2 of the Dungeon.
You visited 1 branch of the dungeon, and saw 2 of its levels.

You collected 44 gold pieces.


   Skills:
 - Level 1.5 Fighting
 + Level 7.5 Ranged Weapons
 - Level 2.4 Dodging
 - Level 1.2 Stealth


You had 3 spell levels left.
You didn't know any spells.
Your spell library was empty.

Inventory:

Hand Weapons
 a - a +0 shortbow (weapon)
Armour
 c - a +0 leather armour (worn)
 d - a +0 robe of resistance
Jewellery
 f - an amulet of reflection (around neck)
Potions
 b - a potion of heal wounds {unknown}
 h - a potion of curing

Dungeon Overview and Level Annotations

Branches:
Dungeon (2/15)

Altars:

Annotations:
D:2 Natasha


Message History

906 ||| RETREEEEATING.
Enter note:
Enter note:
907 ||| RETREEEEATING.
Natasha stares at you and mumbles some strange words.
The magic dart hits you.
Enter note:
908 ||| RETREEEEATING.
Enter note:
909 ||| RETREEEEATING.
You shoot an arrow. The arrow hits the cerulean imp.
The cerulean imp is moderately wounded.
The cerulean imp hits you from afar with a +2 spear.
911 ||| RETREEEEATING.
Enter note:
912 ||| RETREEEEATING.
You block the cerulean imp's attack.
You shoot an arrow.
The arrow barely misses the cerulean imp.
The cerulean imp hits you from afar with a +2 spear.
You shoot an arrow. The arrow hits the cerulean imp.
The cerulean imp is severely wounded.
The cerulean imp closely misses you.
You shoot an arrow. The arrow hits the cerulean imp.
You kill the cerulean imp!
The cerulean imp disappears in a puff of smoke!
You shoot an arrow. The arrow hits Natasha.
Natasha is heavily wounded.
You shoot an arrow.
The arrow hits Natasha but does no damage.
Natasha is heavily wounded.
Natasha growls.
Natasha claws you.
The cerulean imp hits you from afar with a +2 spear.
You shoot an arrow.
The arrow hits Natasha but does no damage.
Natasha is heavily wounded.
Natasha claws you!
You die...
Natasha begins licking her fur clean.

######## #.h@...#
#5####.#
#########.## #.#####
........h..# #..)..#
........5..#######.#
...........+.....(.#
...........######..#
...........# #..#
.......##########..#


You could see Natasha and a cerulean imp (summoned).

Vanquished Creatures
  3 gnolls
  An adder (D:2)
  A dart slug (D:1)
  A ball python (D:1)
  2 endoplasms (D:1)
  5 hobgoblins
  4 kobolds
  3 quokkas
  4 bats (D:1)
  3 frilled lizards (D:1)
  5 goblins (D:1)
  5 rats (D:1)
37 creatures vanquished.

Notes
Turn   | Place    | Note
-------+----------+-------------------------------------------
     0 | D:1      | qw the Deep Elf Hunter began the quest for the Orb.
     0 | D:1      | Reached XP level 1. HP: 12/12 MP: 3/3
     0 | D:1      | 0 ||| qw: Version: 0.3-a-155-g5e7d8dd
     0 | D:1      | 0 ||| qw: Game counter: 1351
     0 | D:1      | 0 ||| qw: Melee chars always use a shield: true
     0 | D:1      | 0 ||| qw: God list: Okawaru
     0 | D:1      | 0 ||| qw: Allow faded altars: false
     0 | D:1      | 0 ||| qw: Do Orc after clearing Dungeon:15 true
     0 | D:1      | 0 ||| qw: Do second Lair branch before Depths: true
     0 | D:1      | 0 ||| qw: Lair rune preference: random
     0 | D:1      | 0 ||| qw: Goals: Normal
     0 | D:1      | 0 ||| PLANNING D:1-11
   139 | D:1      | Reached skill level 6 in Ranged Weapons
   139 | D:1      | Reached XP level 2. HP: 16/16 MP: 4/4
   589 | D:1      | Reached XP level 3. HP: 20/20 MP: 5/5
   659 | D:1      | 659 ||| UPGRADING to amulet of reflection.
   664 | D:1      | 664 ||| READING 2 scrolls labelled AJAOBO HOEWNEI.
   665 | D:1      | 665 ||| READING 2 scrolls labelled VIGAUTHREAPA.
   665 | D:1      | 665 ||| IDENTIFYING white potion
   666 | D:1      | 666 ||| READING scroll of identify.
   666 | D:1      | 666 ||| IDENTIFYING scroll labelled WYLEMA NOCVU
   667 | D:1      | 667 ||| DROPPING scroll of butterflies.
   668 | D:1      | 668 ||| DROPPING scroll of noise.
   669 | D:1      | 669 ||| DROPPING scroll of blinking.
   700 | D:2      | 700 ||| STAIRDANCE
   708 | D:2      | 708 ||| STAIRDANCE
   715 | D:1      | Reached skill level 7 in Ranged Weapons
   748 | D:2      | 748 ||| STAIRDANCE
   899 | D:2      | Reached XP level 4. HP: 25/25 MP: 6/6
   900 | D:2      | Noticed Natasha
   906 | D:2      | 906 ||| RETREEEEATING.
   907 | D:2      | 907 ||| RETREEEEATING.
   908 | D:2      | 908 ||| RETREEEEATING.
   909 | D:2      | 909 ||| RETREEEEATING.
   911 | D:2      | 911 ||| RETREEEEATING.
   912 | D:2      | 912 ||| RETREEEEATING.
   917 | D:2      | HP: 5/25 [cerulean imp/+2 spear[Natasha] (3)]
   918 | D:2      | Slain by Natasha

Levels and vault maps discovered:
D:1:      sevenhm_arrival_forest_fort_small_6, layout_loops_ring
D:2:      layout_basic, hellmonk_ecumenical_altar_watching_god,
          chequers_big_river, uniq_natasha

Skill      XL: |  1  2  3 |
---------------+----------+-----
Ranged Weapons | 6 7 |  7.5
Fighting       | |  1.5
Dodging        | |  2.4
Stealth        | |  1.2

Action                     |  1- 3 |  4- 6 || total
---------------------------+-------+-------++-------
   Fire: Shortbow          |    97 |    14 ||   111
    Use: Scroll            |     3 |       ||     3
 Armour: Leather armour    |    25 |     7 ||    32
  Dodge: Dodged            |    30 |     1 ||    31
  Block: Other             |     5 |     2 ||     7

Table legend:
 A = Non-vault XP
 B = Vault XP
 C = Vault XP percentage of total XP
 D = Non-vault monster count
 E = Vault monster count
 F = Vault count percentage of total count
                 A         B        C        D         E       F
            +---------+---------+-------+---------+---------+-------
      Total |     110 |       0 |   0.0 |      37 |       0 |   0.0
            +---------+---------+-------+---------+---------+-------
        D:1 |      76 |       0 |   0.0 |      31 |       0 |   0.0
        D:2 |      34 |       0 |   0.0 |       6 |       0 |   0.0
            +---------+---------+-------+---------+---------+-------
